 Dungeon Crawl Stone Soup version 0.24-a0-471-g3302cd442e (webtiles) character file.

Game seed: 10556719247461325376

22 pk666 the Magician (level 2, -3/15 HPs)
             Began as a Deep Elf Wizard on July 5, 2019.
             Slain by an adder (4 damage)
             ... on level 2 of the Dungeon.
             The game lasted 00:00:59 (1085 turns).

pk666 the Magician (Deep Elf Wizard)                Turns: 1085, Time: 00:01:00

Health: -3/15      AC:  2    Str:  9    XL:     2   Next: 68%
Magic:  0/9        EV: 13    Int: 22    God:
Gold:   10         SH:  0    Dex: 13    Spells: 9/10 levels left

rFire    . . .     SeeInvis .   (no weapon)
rCold    . . .     Gourm    .   (no shield)
rNeg     . . .     Faith    .   a - +0 robe
rPois    .         Spirit   .   b - +0 hat
rElec    .         Reflect  .   (no cloak)
rCorr    .         Harm     .   (no gloves)
MR       .....                  (no boots)
Stlth    ++........             (no amulet)
HPRegen  0.05/turn              (no ring)
MPRegen  0.11/turn              (no ring)

@: mighty, lethally poisoned (-3 -> -11), flying, very slightly contaminated
A: no striking features
a: no special abilities


You were on level 2 of the Dungeon.
You were not hungry.

You visited 1 branch of the dungeon, and saw 2 of its levels.

You collected 10 gold pieces.

Inventory:

Armour
 a - a +0 robe (worn)
 b - a +0 hat (worn)
Jewellery
 f - a cursed amulet of inaccuracy {unknown}
Potions
 c - a potion of flight
 g - a potion of brilliance {unknown}
Comestibles
 d - 2 rations


   Skills:
 + Level 3.0 Dodging
 - Level 2.4 Stealth
 + Level 4.8 Spellcasting
 + Level 2.0 Conjurations
   Level 1.1 Summonings
   Level 1.1 Translocations


You had 9 spell levels left.
You knew the following spells:

 Your Spells              Type           Power        Failure   Level  Hunger
a - Magic Dart            Conj           ##..         4%          1    None

Your spell library contained the following spells:

 Spells                   Type           Power        Failure   Level  Hunger
 Blink                    Tloc           N/A          10%         2    None
 Call Imp                 Summ           ##......     10%         2    None
 Slow                     Hex            #.......     16%         2    None
 Conjure Flame            Conj/Fire      #.......     21%         3    ##.....
 Mephitic Cloud           Conj/Pois/Air  #.......     24%         3    ##.....


Dungeon Overview and Level Annotations

Branches:
Dungeon (2/15)

Altars:


Message History

Press: ? - help, Shift-Dir - straight line, f/p - adder
Aim: an adder (lightly wounded)
The magic dart hits the adder.
The adder is moderately wounded.
The adder misses you.
Casting: Magic Dart (safe; 4% risk of failure)
Confirm with . or Enter, or press ? or * to list all spells.
You don't have enough magic to cast that spell.
Casting: Magic Dart (safe; 4% risk of failure)
Confirm with . or Enter, or press ? or * to list all spells.
You don't have enough magic to cast that spell.
It was a potion of flight.
You feel very buoyant.
You fly up into the air.
* * * LOW HITPOINT WARNING * * *
You feel sick. The adder barely misses you.
It was a potion of might.
You feel very mighty all of a sudden. The adder bites you.
You die...

#.. ## .# #.#####.. #......
# #........ #).##.# .#
#######.# #..##.#
#.#########.# #####..
#.##.........##.# .!....
.........###.##.#
#.)###......#........#
#...S@...............#
#####..###.......#.##.####
#.(......<......#.#........
..####.####.##.##.####.####
#. #.......# #.# #.
####.#######.# #.
#.......†.# #. ###########
..


You could see an adder.

Vanquished Creatures
  A leopard gecko (D:2)
  2 ball pythons
  3 bats
  A giant cockroach (D:1)
  3 goblins (D:1)
  6 hobgoblins
  2 kobolds (D:1)
  A rat (D:1)
19 creatures vanquished.

Notes
Turn   | Place    | Note
-------+----------+-------------------------------------------
     0 | D:1      | pk666 the Deep Elf Wizard began the quest for the Orb.
     0 | D:1      | Reached XP level 1. HP: 10/10 MP: 7/7
   412 | D:1      | Reached XP level 2. HP: 15/15 MP: 6/9
  1085 | D:2      | Slain by an adder

Levels and vault maps discovered:
D:1:      elethiomel_arrival_maze, layout_basic, kennysheep_minor_cross,
          minmay_curled_crystal
D:2:      layout_loops_ring, lemuel_crystal_altar, makhleb_heckhound_becter

Skill      XL: |  1  2 |
---------------+-------+-----
Dodging        | 3 |  3.0
Conjurations   | 2 |  2.0
Stealth        | |  2.4
Spellcasting   | |  4.8
Summonings     | |  1.1
Translocations | |  1.1

Action                   || total
-------------------------++-------
 Cast: Magic Dart        ||    45
  Use: Potion            ||     2
Armor: Robe              ||     3
Dodge: Dodged            ||     7

Table legend:
 A = Non-vault XP
 B = Vault XP
 C = Vault XP percentage of total XP
 D = Non-vault monster count
 E = Vault monster count
 F = Vault count percentage of total count
                 A         B        C        D         E       F
            +---------+---------+-------+---------+---------+-------
      Total |      32 |       0 |   0.0 |      19 |       0 |   0.0
            +---------+---------+-------+---------+---------+-------
        D:1 |      25 |       0 |   0.0 |      15 |       0 |   0.0
        D:2 |       7 |       0 |   0.0 |       4 |       0 |   0.0
            +---------+---------+-------+---------+---------+-------
